cohdb
Replays
Latest Replays
All Replays
Popular Replays
Top Player Replays
Match Explorer
How It Works
Community
CoH3 Stats
Reddit
Sign in to upload your games and track your stats! →
Sign in with Steam
Match 45622801
Unlisted
Match 45622801
Overview
Messages
Build Orders
End
Construct Weapon Support Center
Selects Armored Battlegroup
Selects Assault Engineers
Assault Engineer Squad
M1919 Machine Gun Team
Assault Engineer Squad
Bazooka Squad
Mechanized Support Center
Construct Motor Pool
M8 Greyhound Armored Car
M1 Anti-tank Gun Team
Assault Engineer Squad
M3 Armored Personnel Carrier
Selects M31 Recovery Vehicle
M8 Greyhound Armored Car
Selects War Machine
Assault Engineer Squad
Assault Engineer Squad
Construct Tank Depot
Selects Strength in Steel
M4A1 Sherman Medium Tank
M31 Recovery Vehicle
M4A1 76mm Conversion
Selects Seek and Destroy
Selects UNKNOWN (2160077)
M4A3E8 Sherman Easy Eight
.30 cal Machine Gun
.30 cal Machine Gun
M4A3E8 Sherman Easy Eight
Forward Retreat Point
M4A3E8 Sherman Easy Eight
Designate Forward Repair Station
Assault Engineer Squad
Improvised Armor
Bazooka Squad
Bazooka Squad
Designate Forward Repair Station
M1 Anti-tank Gun Team
Improved M9 Bazooka Rockets
AbacusFinch8060
OtterBeAshamed
Rocket
QuallityAssurance
PanzerFoster
XX_76_XX
Nebelwerfer
EnemyTrooper
0
0
Comments
sign in to comment!
No comments posted yet!